AoeStats
← SmurfSSmur

Black Forest

504676683Analyzed
2v2 RM · 26d ago on Sep 6, 2026· 34m 29s· 4 players
Game mode
Random Map
Map size
Medium (4 player)
Population
200
Speed
Normal
Resources
Standard
Victory
Conquest
Starting age
Dark Age
Ending age
Imperial Age
RankedLock teamsTeams togetherTeam positionsShared explorationLock speedFull tech treeHidden civsTurbo modeCheats
Victory
Defeat
🇷🇺 Poles · Russia
1253
+12
🇵🇪 Aztecs · Peru
1199
+14
🇨🇦 Vikings · Canada
1158
-29
🇨🇦 Burgundians · Canada
1153
-29
Harder&Faster
9:23 Feudal Age
9:46 Man-at-Arms
11:41 Arson
19:49 Scale Mail Armor
20:11 Double-Bit Axe
22:36 Loom
22:47 Horse Collar
25:31 Castle Age
25:35 Eagle Warrior
26:34 Chain Mail Armor
27:28 Forging
27:59 Squires
28:48 Iron Casting
29:15 Gold Mining
30:19 Gambesons
29:56 Long Swordsman
31:28 Wheelbarrow
31:09 Pikeman
34:39 Bow Saw
35:37 Gold Shaft Mining
Lastik
0:42 Loom
12:02 Feudal Age
16:23 Castle Age
14:33 Double-Bit Axe
14:31 Horse Collar
17:59 Heavy Plow
18:13 Bow Saw
23:17 Wheelbarrow
28:16 Imperial Age
26:29 Hand Cart
26:09 Gold Mining
26:35 Scale Barding Armor
26:41 Forging
27:16 Squires
27:01 Arson
27:41 Chain Barding Armor
28:17 Husbandry
28:27 Bloodlines
28:55 Iron Casting
29:38 Crop Rotation
29:39 Conscription
29:03 Cavalier
30:23 Szlachta Privileges
31:25 Blast Furnace
32:54 Stone Mining
SmurfSSmur
8:08 Loom
12:32 Double-Bit Axe
15:50 Feudal Age
14:53 Horse Collar
16:43 Bow Saw
16:44 Heavy Plow
18:07 Wheelbarrow
20:06 Forging
22:46 Scale Barding Armor
24:28 Wheelbarrow
26:29 Castle Age
27:07 Stone Mining
27:08 Gold Mining
27:12 Stone Mining
29:14 Chain Barding Armor
30:23 Two-Man Saw
28:46 Cavalier
29:27 Husbandry
32:25 Iron Casting
33:24 Light Cavalry
34:56 Hand Cart
Lord Kos
11:45 Feudal Age
12:15 Horse Collar
12:27 Double-Bit Axe
13:35 Fishing Lines
14:18 Loom
18:57 Castle Age
18:45 Fletching
21:35 Bodkin Arrow
22:43 Horse Collar
23:31 Heavy Plow
23:44 Padded Archer Armor
23:22 Crossbowman
26:22 Gold Mining
26:25 Stone Mining
28:18 Leather Archer Armor
28:22 Bow Saw
29:09 Gold Shaft Mining
28:25 Town Watch
30:28 Scale Mail Armor
30:42 Forging
30:51 Gillnets
Connection lost

Rejoining the realm…

Still unreachable

The connection could not be restored.

Session expired

The server has moved on; the page needs a fresh start.